 Dungeon Crawl Stone Soup version 0.30.0-5-g1a98f26d00 (webtiles) character file.

Game seed: 7342678795175928082

157 SnakkuSnakku7 the Trooper (level 5, -2/49 HPs)
             Began as an Armataur Warper on May 9, 2023.
             Killed from afar by an orc wizard (11 damage)
             ... with a puff of flame
             ... on level 3 of the Dungeon.
             The game lasted 00:02:51 (1750 turns).

SnakkuSnakku7 the Trooper (Armataur Warper)         Turns: 1750, Time: 00:02:51

Health: -2/49      AC: 10    Str: 18    XL:     5   Next: 15%
Magic:  7/7        EV:  5    Int: 13    God:
Gold:   105        SH:  0    Dex: 10    Spells: 7/7 levels left

rFire   . . .        a - +0 hand axe
rCold   . . .        (no shield)
rNeg    . . .        e - +0 chain mail
rPois   .            f - +0 helmet
rElec   .            (no cloak)
rCorr   +            j - +1 pair of gloves
SInv    .            (no barding)
Will    .....        (no amulet) Stlth
                     i - ring of resist corrosion
HPRegen 0.28/turn    (no ring)
MPRegen 0.10/turn

%: roll
@: no status effects
A: large, rugged brown scales 3, deformed body, armoured tail, roll, long
tongue, awkward tongue
a: no special abilities


You were on level 3 of the Dungeon.
You visited 1 branch of the dungeon, and saw 3 of its levels.

You collected 105 gold pieces.

Inventory:

Hand Weapons
 a - a +0 hand axe (weapon)
Missiles
 d - 7 boomerangs of dispersal (quivered)
 o - 5 poisoned darts
Armour
 b - a +0 leather armour
 e - a +0 chain mail (worn)
 f - a +0 helmet (worn)
 j - a +1 pair of gloves (worn)
Jewellery
 i - a ring of resist corrosion (left hand)
Scrolls
 g - 2 scrolls of teleportation {unknown}
 h - a scroll of immolation {unknown}
 l - a scroll of noise {unknown}
 m - a scroll of enchant weapon {unknown}
Potions
 k - a potion of brilliance {unknown}
 n - a potion of might {unknown}


   Skills:
 + Level 3.6 Fighting
 + Level 3.3 Axes
 - Level 0.8 Throwing
 - Level 1.2 Armour
 - Level 1.3 Dodging
 - Level 1.7 Spellcasting
 - Level 3.0 Translocations


You had 7 spell levels left.
You didn't know any spells.
Your spell library contained the following spells:

 Spells                   Type           Power      Damage    Failure   Level
 Blink                    Tloc           16%        N/A       75%         2
 Lesser Beckoning         Tloc           16%        N/A       75%         2
 Teleport Other           Tloc           8%         N/A       93%         3
 Vhi's Electric Charge    Tloc/Air       10%        N/A       99%         3
 Animate Armour           Summ/Erth      2%         N/A       100%        4
 Manifold Assault         Tloc           8%         N/A       100%        4
 Blade Hands              Tmut           0%         N/A       100%        5
 Iron Shot                Conj/Erth      0%         9d1       100%        6


Dungeon Overview and Level Annotations

Branches:
Dungeon (3/15)

Altars:

Shops:
D:1 =

Annotations:
D:1 2 runed translucent doors
D:2 Sigmund
D:3 2 transporters, Grinder; mnelsen79's ghost, amateur MiHu


Innate Abilities, Weirdness & Mutations

You are completely covered in rugged brown scales. (AC +3, +7% HP)
Armour fits poorly on your strangely shaped body.
You have a long armoured tail.
You roll when moving toward enemies. (Rampage)
Your long tongue fully drains potion bottles. (2x potion effects)
Your tongue gives you trouble enunciating. (1.5x scroll delay)


Message History

Unknown command.
You closely miss the orc wizard.
The orc wizard is severely wounded.
The orc wizard points at you and mumbles some strange words.
The puff of flame hits you.
* * * LOW HITPOINT WARNING * * *
Grinder says, "Tell me all your secrets, or I'll kill you."
You bump into the rock wall.
You feel less confused.
Grinder says, "I used to sell toenails on the black market."
The orc wizard hits you with a +0 dagger.
* * * LOW HITPOINT WARNING * * *
You hit the orc wizard.
The orc wizard is almost dead.
The orc wizard casts a spell at you. You resist with some effort.
You closely miss the orc wizard.
The orc wizard is almost dead.
The orc wizard casts a spell at you. The puff of flame hits you.
* * * LOW HITPOINT WARNING * * *
Unknown command.
You hit the orc wizard.
You kill the orc wizard!
Unknown command.
Something hits you but does no damage.
Deactivating autopickup; reactivate with Ctrl-A.
Something hits you.
* * * LOW HITPOINT WARNING * * *
Something hits you.
* * * LOW HITPOINT WARNING * * *
Grinder blinks!
Something hits you.
* * * LOW HITPOINT WARNING * * *
Blink to where?
Press: ? - help, Dir - move target As you slowly read the scroll of blinking, it crumbles to dust.
The orc wizard gestures at you while chanting.
The puff of flame hits you!
You die...

# ##.##.# #.# #..#rW.#.#.. #
#..##.# #.# ###..#........ #
#.###.# ##.###...©#....©.. #
#.# #.#######...##.#..#......
###.###....<......<#.#..#...#.#
...#....######....##....#8.#...
#.###.#.######.#.###.#..##.....
.## ##......##.#.###.#...######
#.###.#.###.....@....#........
##.#.##.# ####.#.######.......
##.###.######.#.# ####### ###
#........#.# ###############.#
#.........# #.# #.###.#.#.# #.#
#.# #.#.#.# #o#
#.###.....#####.########


You could see an orc wizard.

Vanquished Creatures
  A hound (D:2)
  3 orc wizards (D:3)
  2 adders (D:2)
  A dart slug (D:1)
  A worm (D:2)
  5 orcs (D:3)
  A ball python (D:1)
  5 endoplasms
  2 goblins
  4 hobgoblins
  3 kobolds
  A quokka (D:1)
  4 bats
  3 frilled lizards (D:1)
  4 rats
40 creatures vanquished.

Notes
Turn   | Place    | Note
-------+----------+-------------------------------------------
     0 | D:1      | SnakkuSnakku7 the Armataur Warper began the quest for the
                  | Orb.
     0 | D:1      | Reached XP level 1. HP: 18/18 MP: 3/3
    66 | D:1      | Found a large runed translucent door.
    66 | D:1      | Found a large runed translucent door.
   182 | D:1      | Reached XP level 2. HP: 25/25 MP: 4/4
   249 | D:1      | Found Zinigoewn's Jewellery Shoppe.
   632 | D:2      | Reached XP level 3. HP: 26/32 MP: 5/5
   761 | D:2      | Identified the +1 spear of Fedhas, Burning {pain, rPois
                  | rF++ rCorr Int-3}
   963 | D:2      | Reached XP level 4. HP: 12/40 MP: 6/6
  1084 | D:2      | Noticed Sigmund
  1266 | D:3      | Found a transporter.
  1270 | D:3      | Noticed mnelsen79's ghost (amateur MiHu)
  1272 | D:3      | Found a transporter.
  1392 | D:3      | Reached XP level 5. HP: 12/48 MP: 7/7
  1680 | D:3      | Noticed Grinder
  1750 | D:3      | Killed from afar by an orc wizard

Illustrated notes

Levels and vault maps discovered:
D:1:      erik_arrival_cave_to_civilisation [erik_arrival_cave_to_temple],
          layout_rooms, serial_shops, shop
D:2:      layout_loops_ring, nicolae_eternal_life, uniq_crazy_yiuf_cottage,
          uniq_sigmund
D:3:      layout_loops_corners, gammafunk_ghost_arena, uniq_grinder

Skill      XL: |  1  2  3  4 |
---------------+-------------+-----
Fighting       | 2 3 |  3.6
Axes           | 2 3 |  3.3
Throwing       | |  0.8
Armour         | |  1.2
Dodging        | |  1.3
Spellcasting   | |  1.7
Translocations | |  3.0

Action                     |  1- 3 |  4- 6 || total
---------------------------+-------+-------++-------
  Melee: Hand axe          |    93 |    81 ||   174
         Tailslap          |     4 |     6 ||    10
         Punch             |     2 |       ||     2
    Use: Scroll            |       |     1 ||     1
 Armour: Chain mail        |    66 |    77 ||   143
  Dodge: Dodged            |    33 |    17 ||    50
